 Dungeon Crawl Stone Soup version 0.30-a0-778-g2ef04afb54 (webtiles) character file.

Game seed: 9478223336185629104

524771 cheesebisquit the Axe Maniac (level 24, -5/224 HPs)
             Began as a Minotaur Berserker on Feb 15, 2023.
             Was a High Priest of Trog.
             Killed from afar by a hellion (24 damage)
             ... with damnation
             ... on level 4 of the Abyss.
             The game lasted 04:10:08 (57659 turns).

cheesebisquit the Axe Maniac (Minotaur Berserker)  Turns: 57659, Time: 04:10:08

Health: -5/224     AC: 39    Str: 37    XL:     24   Next: 76%
Magic:  32/32      EV: 10    Int:  5    God:    Trog [*****.]
Gold:   2270       SH: 31    Dex:  9    Spells: 23/23 levels left

rFire   . . .      SeeInvis .    Z - +10 broad axe of Defilement {vamp, Fly rN++}
rCold   + . .      Faith    .    S - +4 tower shield {rC+}
rNeg    + + .      Spirit   .    u - +7 plate armour "Kafetota" {rElec Regen+ Stlth+}
rPois   .          Reflect  +    Y - +3 hat of Pondering {ponderous, Will+ MP+10 Int+5}
rElec   +          Harm     .    W - +2 cloak {rCorr}
rCorr   +          Rampage  .    U - +2 pair of gloves
Will    ++++.      Rage     9%   s - +2 pair of boots Stlth
                                 k - amulet of reflection
HPRegen 1.00/turn                j - +4 ring of slaying
MPRegen 0.23/turn                v - +6 ring of strength

@: about to teleport, strong-willed, on berserk cooldown, sick, flying,
regenerating, hasted, very quick
A: horns 2, retaliatory headbutt, wild magic 1, MP-powered wands, berserk 1[+1],
[clumsy 2], [deformed body], [deterioration 2], [dopey 2], [frail 1],
([teleportitis 2]), [inability to drink after injury 1]
}: 2/15 runes: decaying, serpentine
a: Renounce Religion, Berserk, Trog's Hand, Brothers in Arms


You were on level 4 of the Abyss.
You worshipped Trog.
Trog was extremely pleased with you.
You visited 8 branches of the dungeon, and saw 42 of its levels.
You visited the Abyss 1 time.
You also visited: Ice Cave.

You collected 5887 gold pieces.
You spent 3617 gold pieces at shops.

Inventory:

Hand Weapons
 a - a +5 broad axe of flaming
 C - a +0 antimagic broad axe
 Z - the +10 broad axe of Defilement (weapon) {vamp, Fly rN++}
   (You took it off a yaktaur captain on level 2 of the Vaults)

   rN:        It greatly protects you from negative energy.
   Fly:       It grants you flight.
Missiles
 p - 13 silver javelins
 q - 36 poisoned darts (quivered)
 x - 2 throwing nets
 N - 3 boomerangs of dispersal
 O - 16 curare-tipped darts
Armour
 s - a +2 pair of boots (worn)
 u - the +7 plate armour "Kafetota" (worn) {rElec Regen+ Stlth+}
   (You took it off a deep elf blademaster on level 3 of the Elven Halls)

   rElec:     It insulates you from electricity.
   Regen:     It increases your rate of health regeneration.
   Stlth:     It makes you more stealthy.
 J - a +4 plate armour of poison resistance
 S - a +4 tower shield of cold resistance (worn)
 U - a +2 pair of gloves (worn)
 V - a scarf of resistance
 W - a +2 cloak of preservation (worn)
 Y - the +3 hat of Pondering (worn) {ponderous, Will+ MP+10 Int+5}
   (You took it off Gastronok on level 1 of the Lair of Beasts)

   Int:       It affects your intelligence (+5).
   MP:        It affects your magic capacity (+10).
   Will:      It increases your willpower.
Jewellery
 b - the ring of Scepticism {rPois rCorr}
   (You found it on level 3 of the Vaults)

   [ring of resist corrosion]

   rPois:     It protects you from poison.
   rCorr:     It protects you from acid and corrosion.
 h - a ring of see invisible
 j - a +4 ring of slaying (left hand)
 k - an amulet of reflection (around neck)
 v - a +6 ring of strength (right hand)
 G - the ring "Okaizeg" {Fly rN+ rCorr Int-5}
   (You took it off a frost giant on level 2 of the Depths)

   [ring of flight]

   Int:       It affects your intelligence (-5).
   rN:        It protects you from negative energy.
   Fly:       It grants you flight.
   rCorr:     It protects you from acid and corrosion.
 R - the ring of False Pretenses {rPois rN+ Int+2 Stlth+}
   (You took it off a spriggan air mage on level 2 of the Depths)

   [ring of poison resistance]

   Int:       It affects your intelligence (+2).
   rPois:     It protects you from poison.
   rN:        It protects you from negative energy.
   Stlth:     It makes you more stealthy.
Wands
 o - a wand of polymorph (8)
 w - a wand of flame (82)
 D - a wand of acid (14)
 I - a wand of digging (8)
 L - a wand of mindburst (65)
 M - a wand of iceblast (26)
 Q - a wand of charming (52)
Scrolls
 d - 2 scrolls of fear
 f - 22 scrolls of teleportation
 g - 5 scrolls of vulnerability
 l - a scroll of brand weapon
 y - 2 scrolls of silence
 z - 4 scrolls of butterflies
 A - 7 scrolls of poison
 E - 8 scrolls of blinking
 F - 7 scrolls of fog
 P - 7 scrolls of magic mapping
Potions
 c - 6 potions of curing
 i - 3 potions of berserk rage
 n - 2 potions of haste
 r - 3 potions of mutation
 t - 4 potions of might
 B - 2 potions of resistance
 H - 3 potions of ambrosia
 K - 6 potions of lignification
 T - a potion of cancellation
 X - 4 potions of flight


   Skills:
 O Level 27 Fighting
 O Level 27 Axes
 O Level 27 Armour
 - Level 2.6 Dodging
 + Level 24.5 Shields


You had 23 spell levels left.
You didn't know any spells.
Your spell library was empty.

Dungeon Overview and Level Annotations

Branches:
Dungeon (15/15)            Temple (0/1) D:6            Lair (5/5) D:10
  Swamp (4/4) Lair:2        Snake (4/4) Lair:2        Slime (0/5) Lair:5
    Orc (2/2) D:11            Elf (3/3) Orc:2        Vaults (5/5) D:14
  Crypt (0/3) Vaults:3     Depths (4/4) D:15            Zot (0/5) Depths:4
  IceCv (visited)

Altars:
Ashenzari
Cheibriados
Dithmenos
Elyvilon
Fedhas
Gozag
Kikubaaqudgha
Nemelex Xobeh
Okawaru
Qazlal
Ru
Trog
Vehumet
Yredelemnul
Zin
The Shining One
Jiyva
Lugonu

Shops:
D:6 (   D:8 *   D:13 ??*(   Orc:2 =![   Elf:2 (   Vaults:1 *   Depths:1 *
Depths:3 *(

Portals:
Hell: Depths:1 Depths:2 Depths:3 Depths:4
Abyss: D:3 Depths:3 Depths:4
Pandemonium: Depths:1 Depths:2
Ziggurat: Depths:4


Innate Abilities, Weirdness & Mutations

You have a pair of horns on your head.
You reflexively headbutt those who attack you in melee.
Your spells are a little harder to cast, but a little more powerful.
You expend magic power (3 MP) to strengthen your wands.
[You have an uncontrollable temper.]
[You are very clumsy. (Dex -4)]
[Armour fits poorly on your strangely shaped body.]
[Your body often deteriorates upon taking damage.]
[You are very dopey. (Int -4)]
[You are frail. (-10% HP)]
[((You are often teleported next to monsters.))]
[You occasionally lose the ability to drink potions when taking damage.]


Message History

You feel yourself speed up. The bone dragon bites you!
* * * LOW HITPOINT WARNING * * *
You block the bone dragon's attack. x2; The bone dragon bites you.
* * * LOW HITPOINT WARNING * * *
The bone dragon claws you but does no damage.
The bone dragon tramples you but does no damage.
The bone dragon bites you but does no damage.
The bone dragon claws you but does no damage.
You block the bone dragon's attack. A chorus of shrieks assaults your mind.
* * * LOW HITPOINT WARNING * * *
You feel better. The bone dragon bites you!
* * * LOW HITPOINT WARNING * * *
You block the bone dragon's attack. x3
The bone dragon claws you but does no damage.
The bone dragon tramples you but does no damage.
A chorus of shrieks assaults your mind.
* * * LOW HITPOINT WARNING * * *
You feel better. You block the bone dragon's attack. x3
The bone dragon bites you!
* * * LOW HITPOINT WARNING * * *
You block the bone dragon's attack.
The bone dragon tramples you but does no damage.
You hear a roar!
Blink to where?
Press: ? - help, Dir - move target
As you read the scroll of blinking, it crumbles to dust.
As you read the scroll of teleportation, it crumbles to dust.
You feel strangely unstable.
You feel the power of the Abyss delaying your translocation!
Okay, then.
As you read the scroll of fog, it crumbles to dust.
The scroll dissolves into smoke.
You feel yourself speed up.
A worldbinder comes into view.
A freezing wraith comes into view.
The worldbinder calls forth creatures from the Shoals!
The hellion gestures at you.
The sphere of damnation explodes!
The damnation engulfs you!!
You die...

##..#...# ## #.
..#§.#.##.#
#.####§§#.#.##.#
#...§§§§.##..##
#...§§§§D#.2#.#
..#####§#.§.#...#
#
.#.....#§#§..§.##
#..##..##xW...#
#. #x##..#.@### #
.......#..#.# #
#...##..##...
#..#. ...#.##~#
...#.#....#.# ≈#
# # ##..
#..#...#≈~# φ #.
.#....~ . . #§~
~. . ~~


You could see a bone dragon, a freezing wraith, a worldbinder and a hellion.

Vanquished Creatures
  3 dread liches
  An ancient lich (Abyss:3)
  Vashnia (Snake:4)
  A caustic shrike (Depths:3)
  2 golden dragons
  5 bone dragons (Abyss:3)
  A hellephant (Abyss:3)
  A titan (Vaults:4)
  9 liches
  4 tentacled monstrosities
  Mlioglotl (Swamp:2)
  2 deep elf blademasters
  Asterion (Elf:3)
  A deep elf master archer (Elf:3)
  3 quicksilver dragons
  14 tentacled starspawn
  2 Executioners (Abyss:3)
  6 sphinxes
  Frances (Snake:2)
  Gastronok (Lair:1)
  The ghost of patfeehan111222 the Severer, an adept MiBe of Trog (Snake:3)
  The ghost of Amikeex the Brawler, an adept TrMo of Nemelex Xobeh (Depths:4)
  2 daevas (Abyss:3)
  4 tengu reavers
  Kirke (Snake:3)
  5 fenstrider witches
  2 shadow dragons
  3 storm dragons
  A thorn hunter (Swamp:4)
  7 fire giants
  Roxanne (Swamp:3)
  9 nagarajas
  3 iron dragons
  7 deep elf sorcerers (Elf:3)
  Donald (Vaults:4)
  10 vault wardens
  8 frost giants
  A balrug (Abyss:3)
  Louise (Elf:3)
  Aizul (Elf:3)
  A draconian shifter (Depths:4)
  A ghoul (Abyss:4)
  3 deep elf elementalists (Elf:3)
  3 reapers
  7 very ugly things
  3 orc warlords
  A caustic shrike skeleton (Depths:1)
  4 war gargoyles
  5 ironbound thunderhulks
  A green draconian (Depths:4)
  14 stone giants
  14 ironbound preservers
  9 deep elf demonologists
  The ghost of Mexzoddasi the Bludgeoner, a journeyman MiBe of Trog (D:13)
  4 eleionomae
  2 vampire knights
  2 black draconians (Depths:4)
  3 bunyips
  10 spark wasps
  2 lorocyprocas (Abyss:3)
  A white draconian (Depths:4)
  5 deep elf annihilators
  2 yellow draconians (Depths:4)
  3 purple draconians (Depths:4)
  10 dire elephants
  3 eidola (Abyss:3)
  The ghost of Saozxam the Sharpshooter, a journeyman KoHu of Gozag (Lair:4)
  7 ettins
  5 deep elf death magi (Elf:3)
  3 crystal guardians (Vaults:3)
  2 green deaths
  An entropy weaver (Vaults:2)
  15 yaktaur captains
  10 great orbs of eyes
  A merfolk javelineer (Depths:3)
  5 fire dragons
  A shambling mangrove (Swamp:4)
  A merfolk impaler (Depths:1)
  4 deep elf high priests (Elf:3)
  12 hydras
  5 rakshasas
  2 ogre magi
  A hydra (shapeshifter) (Vaults:2)
  3 peacekeepers (Vaults:3)
  4 ghost crabs
  A catoblepas (Lair:5)
  14 ice dragons
  3 hell beasts (Depths:3)
  3 spriggan air magi
  A death knight (Abyss:4)
  15 two-headed ogres
  23 vault guards
  A boulder beetle (shapeshifter) (Vaults:2)
  4 ironbound frosthearts
  28 dancing weapons
  4 salamander tyrants
  7 centaur warriors
  13 anacondas
  5 death yaks (Lair:5)
  A hell hog (Abyss:3)
  10 deep troll shamans
  16 deep troll earth magi
  5 spriggan berserkers
  4 alligators
  4 boulder beetles
  A vampire mage (Abyss:3)
  17 naga warriors
  6 soul eaters
  An orc high priest (Orc:2)
  4 shock serpents
  A titan zombie (Depths:1)
  Sonja (D:12)
  16 naga sharpshooters
  7 tengu warriors
  10 deep elf knights
  18 thrashing horrors
  5 hell knights
  6 sun demons
  10 wretched stars
  Amaemon (Lair:1)
  11 iron trolls
  A fire crab (D:10)
  2 salamander mystics
  5 sixfirhies
  2 spatial maelstroms (Abyss:3)
  9 spriggan druids
  8 swamp dragons
  2 skysharks
  4 naga ritualists
  3 goliath frogs
  48 deep trolls
  A shadow wraith (Abyss:4)
  2 flayed ghosts
  8 bog bodies
  26 slime creatures
  2 obsidian statues
  8 orc knights
  2 deep elf archers
  4 glowing orange brains
  11 lindwurms
  7 phantasmal warriors
  5 harpies (Vaults:5)
  4 necromancers
  19 deep elf zephyrmancers
  15 ironbound convokers
  11 orc sorcerers
  14 wizards
  9 mana vipers
  17 deep elf pyromancers
  2 manticores
  37 ugly things
  An oklob plant (Lair:3)
  A shadow dragon skeleton (Depths:1)
  19 salamanders
  6 cyclopes
  The ghost of themarg the Stinger, a novice OpVM of Vehumet (D:8)
  6 worldbinders
  Maurice (D:12)
  11 will-o-the-wisps
  A moth of wrath (shapeshifter) (Vaults:3)
  A rust devil (Abyss:3)
  3 elephants (Lair:5)
  10 guardian serpents
  15 naga magi
  2 eyes of devastation (Abyss:3)
  2 water nymphs (shapeshifter)
  27 black mambas
  21 vault sentinels
  A centaur skeleton (Abyss:3)
  10 orange demons
  3 gargoyles
  5 apocalypse crabs
  A guardian serpent (shapeshifter) (D:10)
  An ice statue (IceCv)
  An unseen horror (D:10)
  Maggie (Lair:1)
  9 cane toads
  2 rime drakes
  12 smoke demons
  2 kobold demonologists
  A rime drake (shapeshifter) (D:14)
  4 komodo dragons
  A komodo dragon (shapeshifter) (Depths:2)
  An anaconda simulacrum (IceCv)
  An ice devil (Depths:3)
  2 efreet
  2 tormentors
  28 yaktaurs
  8 ancient zymes
  A freezing wraith (Abyss:4)
  6 tengu conjurers
  7 trolls
  3 meliai (D:15)
  2 red devils (Depths:2)
  9 tyrant leeches
  A wind drake (shapeshifter) (Depths:2)
  8 hellwings
  3 polar bears
  A spectral dream sheep (Lair:4)
  7 blink frogs
  11 hornets
  4 dream sheep (Lair:4)
  34 raiju
  A fire giant simulacrum (Depths:1)
  Prince Ribbit (D:6)
  A jumping spider (Vaults:5)
  A shapeshifter (Abyss:4)
  3 flying skulls (Abyss:3)
  A spectral black mamba (Lair:4)
  10 ynoxinuls
  14 water elementals
  4 air elementals
  13 spriggans
  28 large abominations
  A shadow (D:12)
  A spectral komodo dragon (Lair:4)
  4 vampires
  5 wyverns
  4 wraiths
  5 hogs (Snake:3)
  An ettin skeleton (Depths:1)
  54 yaks
  3 fire elementals
  A golden eye (Abyss:2)
  4 basilisks
  13 chaos spawn
  2 steam dragons
  A spectral fire crab (Lair:4)
  5 redbacks
  11 neqoxecs
  20 vampire mosquitoes
  35 nagas
  A demonspawn zombie (Abyss:3)
  A warg (Orc:1)
  4 death yak simulacra (IceCv)
  7 spatial vortices (Abyss:3)
  Edmund (D:6)
  2 harpy simulacra
  18 swamp worms
  14 water moccasins
  5 hydra simulacra
  5 hell hounds (Abyss:3)
  A glowing shapeshifter skeleton (Depths:1)
  21 orc warriors
  6 black bears
  3 ice beasts (D:7)
  2 spectral blink frogs (Lair:2)
  2 sky beasts (D:7)
  8 swamp drakes
  29 small abominations
  A spectral rime drake (Lair:2)
  11 wolves
  11 ogres
  60 starcursed masses
  8 centaurs
  Blork the orc (D:6)
  6 bullfrogs
  A kobold brigand (D:7)
  2 spectral water moccasins (Lair:2)
  2 gnoll sergeants
  A necrophage (D:5)
  3 two-headed ogre simulacra (IceCv)
  A scorpion (D:7)
  5 earth elementals
  4 cane toad simulacra (IceCv)
  4 wights (D:7)
  6 killer bees (D:9)
  6 electric eels
  5 howler monkeys
  2 crimson imps (D:14)
  5 quasits
  An iron imp (Abyss:3)
  2 jellies (Lair:5)
  3 hounds
  A komodo dragon simulacrum (Lair:4)
  12 orc priests
  A gnoll bouda (D:7)
  3 iguanas
  33 orc wizards
  4 spriggan simulacra (IceCv)
  3 troll simulacra (IceCv)
  4 polar bear simulacra (IceCv)
  14 gnolls
  12 adders
  7 naga simulacra (IceCv)
  4 shadow imps
  17 white imps
  11 ufetubi
  2 worms
  4 dart slugs
  94 orcs
  13 endoplasms
  4 giant cockroaches
  5 goblins
  4 hobgoblins
  8 jackals (D:3)
  14 kobolds
  4 quokkas
  5 ball pythons
  5 bats
  5 frilled lizards
  4 rats
  2 briar patches (Swamp:4)
  2 bushes
  A lurking horror (Abyss:3)
  17 starspawn tentacles
2059 creatures vanquished.

Vanquished Creatures (others)
  A fire giant (Depths:4)
  A deep elf annihilator (Elf:3)
  An ogre mage (Swamp:4)
  A large abomination (Abyss:3)
  2 deep elf pyromancers
  An air elemental (Elf:2)
  2 nagas
  A small abomination (Abyss:3)
  A white imp (D:14)
  A briar patch (Swamp:4)
  7 demonic plants (Abyss:3)
  A fire vortex (Lair:5)
  41 foxfires
  29 fungi
  2 lurking horrors
  40 plants
  24 starspawn tentacles
  2 withered plants (Snake:3)
158 creatures vanquished.

Grand Total: 2217 creatures vanquished

Notes
Turn   | Place    | Note
-------+----------+-------------------------------------------
     0 | D:1      | cheesebisquit the Minotaur Berserker began the quest for
                  | the Orb.
     0 | D:1      | Reached XP level 1. HP: 19/19 MP: 0/0
   260 | D:1      | Reached XP level 2. HP: 27/27 MP: 1/1
  1131 | D:2      | Reached XP level 3. HP: 33/33 MP: 2/2
  1138 | D:2      | Found a faded altar of an unknown god.
  1333 | D:2      | Reached ** piety under Trog
  1401 | D:2      | Found a glowing silver altar of Zin.
  1425 | D:2      | Reached XP level 4. HP: 40/40 MP: 3/3
  1709 | D:3      | Found a corrupted altar of Lugonu.
  1709 | D:3      | Found a one-way gate to the infinite horrors of the Abyss.
  1872 | D:3      | Reached skill level 5 in Axes
  2311 | D:3      | Reached XP level 5. HP: 47/47 MP: 4/4
  2653 | D:4      | Found an opulent altar of Gozag.
  2678 | D:4      | Found a white marble altar of Elyvilon.
  3391 | D:5      | Entered Level 5 of the Dungeon
  3403 | D:5      | Reached skill level 5 in Fighting
  3410 | D:5      | Reached *** piety under Trog
  3411 | D:5      | Reached XP level 6. HP: 56/56 MP: 5/5
  3660 | D:5      | Reached skill level 5 in Armour
  3660 | D:5      | Reached XP level 7. HP: 58/62 MP: 6/6
  4173 | D:6      | Noticed Blork the orc
  4182 | D:6      | Killed Blork the orc
  4305 | D:6      | Found a bloodstained altar of Trog.
  4343 | D:6      | Noticed Edmund
  4354 | D:6      | Killed Edmund
  4435 | D:6      | Found a staircase to the Ecumenical Temple.
  4460 | D:6      | Reached XP level 8. HP: 61/71 MP: 7/7
  4744 | D:6      | Noticed Prince Ribbit
  4759 | D:6      | Killed Prince Ribbit
  4924 | D:6      | Found a sacrificial altar of Ru.
  5204 | D:6      | Found Zeunooqe's Weapon Shoppe.
  5280 | D:7      | Reached skill level 10 in Axes
  5326 | D:7      | Reached XP level 9. HP: 46/81 MP: 8/8
  5577 | D:7      | Noticed a gargoyle
  5588 | D:7      | Killed a gargoyle
  6280 | D:8      | Found a runed translucent door.
  6282 | D:8      | Noticed a deep elf pyromancer
  6282 | D:8      | Noticed themarg's ghost (novice OpVM)
  6532 | D:8      | Reached **** piety under Trog
  6609 | D:8      | Found Haheism's Assorted Antiques.
  6612 | D:8      | Bought a scroll of identify for 52 gold pieces
  6612 | D:8      | Bought a scroll of identify for 52 gold pieces
  6694 | D:9      | Noticed a two-headed ogre
  6701 | D:9      | Killed a two-headed ogre
  6702 | D:9      | Reached XP level 10. HP: 91/91 MP: 9/9
  7014 | D:9      | Found a shadowy altar of Dithmenos.
  7064 | D:9      | Reached skill level 10 in Fighting
  7088 | D:9      | Found a radiant altar of Vehumet.
  7114 | D:9      | Reached skill level 10 in Armour
  7303 | D:10     | Entered Level 10 of the Dungeon
  7326 | D:10     | Found a snail-covered altar of Cheibriados.
  7374 | D:10     | Noticed a two-headed ogre
  7384 | D:10     | Killed a two-headed ogre
  7458 | D:10     | Found a basalt altar of Yredelemnul.
  7500 | D:10     | Reached XP level 11. HP: 64/101 MP: 10/10
  7607 | D:10     | Found a staircase to the Lair.
  7705 | D:10     | Found an iron altar of Okawaru.
  7738 | D:10     | Reached skill level 15 in Axes
  7818 | D:10     | Found a sparkling altar of Nemelex Xobeh.
  8131 | D:10     | Found a glowing silver altar of Zin.
  8157 | D:10     | Found a broken altar of Ashenzari.
  8263 | D:10     | Noticed a two-headed ogre
  8270 | D:10     | Killed a two-headed ogre
  8379 | D:10     | Found a glowing golden altar of the Shining One.
  8514 | D:10     | Noticed a fire crab
  8521 | D:10     | Killed a fire crab
  8527 | D:10     | Identified the +1 plate armour of the Wasteland {rN++
                  | Int+3}
  8767 | D:10     | Noticed an angel
  8864 | D:11     | Noticed a two-headed ogre
  8870 | D:11     | Killed a two-headed ogre
  8871 | D:11     | Reached skill level 1 in Shields
  8921 | D:11     | Noticed a two-headed ogre
  8925 | D:11     | Killed a two-headed ogre
  9048 | D:11     | Noticed a two-headed ogre
  9054 | D:11     | Killed a two-headed ogre
  9191 | D:11     | Found a staircase to the Orcish Mines.
  9337 | D:11     | Noticed a boulder beetle
  9354 | D:11     | Killed a boulder beetle
  9355 | D:11     | Reached XP level 12. HP: 76/112 MP: 11/11
  9518 | D:12     | Noticed Sonja
  9531 | D:12     | Killed Sonja
  9737 | D:12     | Noticed a two-headed ogre
  9744 | D:12     | Killed a two-headed ogre
  9745 | D:12     | Reached skill level 5 in Shields
  9745 | D:12     | Found a frozen archway.
  9752 | IceCv    | Entered an ice cave
 10968 | D:12     | Noticed a two-headed ogre
 10975 | D:12     | Killed a two-headed ogre
 11298 | D:12     | Noticed Maurice
 11304 | D:12     | Killed Maurice
 11931 | D:12     | Upgraded the game from 0.30-a0-777-ga9a30cbeda to
                  | 0.30-a0-778-g2ef04afb54
 12407 | D:8      | Killed themarg's ghost
 13083 | Lair:1   | Entered Level 1 of the Lair of Beasts
 13533 | Lair:1   | Reached XP level 13. HP: 110/122 MP: 12/12
 13680 | Lair:1   | Noticed Gastronok
 13696 | Lair:1   | Killed Gastronok
 14015 | Lair:1   | Noticed Amaemon
 14029 | Lair:1   | Killed Amaemon
 14223 | Lair:1   | Noticed Maggie
 14229 | Lair:1   | Killed Maggie
 14651 | Lair:2   | Reached ***** piety under Trog
 14731 | Lair:2   | You fall into a shaft and drop 2 floors!
 14794 | Lair:4   | Identified the +6 dagger of Vuffagyir {heavy, rElec Str+3
                  | Int+4 SInv}
 15118 | Lair:3   | Identified the +0 hat of Mefuph {Fly}
 15488 | Lair:2   | Found a staircase to the Snake Pit.
 15651 | Lair:2   | Found a staircase to the Swamp.
 15664 | Lair:2   | Reached skill level 10 in Shields
 17136 | Lair:4   | Found a runed translucent gate.
 17136 | Lair:4   | Found a runed translucent gate.
 17136 | Lair:4   | Found a runed translucent gate.
 17348 | Lair:4   | Noticed Saozxam's ghost (journeyman KoHu)
 17580 | Lair:5   | Entered Level 5 of the Lair of Beasts
 17827 | Lair:5   | Found a viscous altar of Jiyva.
 17828 | Lair:5   | Found a staircase to the Slime Pits.
 18638 | Lair:5   | Noticed a dire elephant
 18651 | Lair:5   | Reached XP level 14. HP: 88/132 MP: 13/13
 19146 | Lair:4   | Killed Saozxam's ghost
 19311 | Orc:1    | Entered Level 1 of the Orcish Mines
 19634 | Orc:2    | Entered Level 2 of the Orcish Mines
 19634 | Orc:2    | Noticed an orc warlord
 19654 | Orc:1    | Killed an orc warlord
 19699 | Orc:2    | Found a staircase to the Elven Halls.
 20106 | Orc:2    | Found a radiant altar of Vehumet.
 20368 | Orc:2    | Found Edwogyesm's Antique Armour Boutique.
 20454 | Orc:2    | Bought a glowing cloak for 285 gold pieces
 20479 | Orc:2    | Found a radiant altar of Vehumet.
 20495 | Orc:2    | Found Nyufipp's Distillery.
 20525 | Orc:2    | Found an ancient bone altar of Kikubaaqudgha.
 20722 | Orc:2    | Bought a potion of mutation for 112 gold pieces
 20722 | Orc:2    | Bought a potion of curing for 42 gold pieces
 20722 | Orc:2    | Bought a potion of resistance for 140 gold pieces
 20722 | Orc:2    | Bought a potion of haste for 140 gold pieces
 20722 | Orc:2    | Bought a potion of resistance for 140 gold pieces
 20770 | Orc:2    | Found Deoz's Distillery.
 20781 | Orc:2    | Found Aneypoaxt's Jewellery Shop.
 21115 | D:8      | Bought a scroll labelled CESOUTHAISM for 26 gold pieces
 21115 | D:8      | Bought a scroll of fear for 104 gold pieces
 21115 | D:8      | Bought a runed plate armour for 676 gold pieces
 21338 | Orc:2    | Bought a potion of cancellation for 112 gold pieces
 21338 | Orc:2    | Bought a potion of curing for 42 gold pieces
 21338 | Orc:2    | Bought a potion of curing for 42 gold pieces
 21338 | Orc:2    | Bought a potion of curing for 42 gold pieces
 21338 | Orc:2    | Bought a potion of lignification for 42 gold pieces
 21338 | Orc:2    | Bought a potion of might for 56 gold pieces
 21338 | Orc:2    | Bought a potion of curing for 42 gold pieces
 21540 | Snake:1  | Entered Level 1 of the Snake Pit
 21717 | Snake:1  | Reached skill level 15 in Fighting
 21866 | Snake:1  | Reached skill level 15 in Armour
 22791 | Snake:1  | Reached XP level 15. HP: 137/141 MP: 14/14
 23036 | Snake:2  | Noticed Frances
 23042 | Snake:2  | Killed Frances
 24235 | Snake:3  | Noticed Kirke
 24242 | Snake:3  | Noticed a sphinx
 24362 | Snake:3  | Noticed a sphinx
 24368 | Snake:3  | Killed Kirke
 24632 | Snake:3  | Noticed a nagaraja
 24635 | Snake:3  | Killed a nagaraja
 24827 | Snake:3  | Found a glowing silver altar of Zin.
 25112 | Snake:3  | Noticed a nagaraja
 25122 | Snake:3  | Killed a nagaraja
 26323 | Snake:3  | Found a runed translucent door.
 26323 | Snake:3  | Noticed patfeehan111222's ghost (adept MiBe)
 26604 | Snake:4  | Entered Level 4 of the Snake Pit
 27219 | Snake:4  | Noticed a nagaraja
 27228 | Snake:4  | Killed a nagaraja
 27754 | Snake:4  | Noticed a nagaraja
 28493 | Snake:4  | Killed a nagaraja
 28847 | Snake:4  | Reached XP level 16. HP: 135/152 MP: 15/15
 29659 | Snake:4  | Noticed Vashnia
 29685 | Snake:4  | Killed Vashnia
 29962 | Snake:4  | Got a serpentine rune of Zot
 30278 | Snake:3  | Killed patfeehan111222's ghost
 30439 | Swamp:1  | Entered Level 1 of the Swamp
 31145 | Swamp:2  | Found the +6 lightning scales {swift, rElec}
 31165 | Swamp:2  | Noticed Mlioglotl
 31365 | Swamp:2  | Noticed a bone dragon
 31391 | Swamp:2  | Killed Mlioglotl
 31491 | Swamp:2  | Reached XP level 17. HP: 134/160 MP: 16/16
 32423 | Swamp:3  | Identified Roxanne's Handbook of Flesh
 32423 | Swamp:3  | Noticed Roxanne
 32439 | Swamp:3  | Killed Roxanne
 32785 | Swamp:4  | Entered Level 4 of the Swamp
 33382 | Swamp:4  | Identified the +3 leather armour "Wirroja" {Contam Int+2
                  | Slay+3}
 33904 | Swamp:4  | Noticed a tentacled monstrosity
 33912 | Swamp:4  | Killed a tentacled monstrosity
 34351 | Swamp:4  | Got a decaying rune of Zot
 34648 | D:13     | Found Zuke Vee's Magic Scroll Boutique.
 34650 | D:13     | Reached XP level 18. HP: 178/178 MP: 17/17
 34658 | D:13     | Bought a scroll of brand weapon for 171 gold pieces
 34829 | D:13     | Found Mauwif's Antique Weapon Emporium.
 34992 | D:13     | Found Cifur's General Store.
 35001 | D:13     | Bought a scroll of teleportation for 36 gold pieces
 35001 | D:13     | Bought a potion of curing for 36 gold pieces
 35001 | D:13     | Bought a potion of lignification for 36 gold pieces
 35025 | D:13     | Noticed Mexzoddasi's ghost (journeyman MiBe)
 35043 | D:13     | Found a runed translucent door.
 35057 | D:13     | Found Sisef's Magic Scroll Emporium.
 35065 | D:13     | Bought a scroll of poison for 64 gold pieces
 35065 | D:13     | Bought a scroll of fear for 64 gold pieces
 35065 | D:13     | Bought a scroll of magic mapping for 120 gold pieces
 35065 | D:13     | Bought a scroll of teleportation for 48 gold pieces
 35065 | D:13     | Bought a scroll of enchant weapon for 120 gold pieces
 35282 | D:13     | Killed Mexzoddasi's ghost
 35349 | D:14     | Found a gate to the Vaults.
 35447 | D:14     | Reached XP level 19. HP: 185/185 MP: 18/18
 35723 | D:14     | You are sucked into a shaft and drop 1 floor!
 35723 | D:15     | Entered Level 15 of the Dungeon
 36419 | D:15     | Found a staircase to the Depths.
 37555 | Orc:2    | Bought a potion of mutation for 112 gold pieces
 37779 | Vaults:1 | Entered Level 1 of the Vaults
 38163 | Vaults:1 | Found Nudabbon's Assorted Antiques.
 38173 | Vaults:1 | Bought 3 scrolls of blinking for 585 gold pieces
 38173 | Vaults:1 | Bought a potion of curing for 78 gold pieces
 39216 | Vaults:1 | Identified the +0 pair of gloves "Qeiluazu" {+Blink Will-
                  | rCorr SInv}
 39451 | Vaults:2 | Received a gift from Trog
 39863 | Vaults:2 | Identified the +10 broad axe of Defilement {vamp, Fly rN++}
 40235 | Vaults:2 | Received a gift from Trog
 40238 | Vaults:2 | Reached XP level 20. HP: 199/199 MP: 19/19
 40733 | Vaults:2 | You are sucked into a shaft and drop 2 floors!
 40959 | Vaults:3 | Found a staircase to the Crypt.
 41521 | Vaults:3 | Identified the ring of Scepticism {rPois rCorr}
 42034 | Vaults:3 | Received a gift from Trog
 42895 | Vaults:4 | Noticed Donald
 42906 | Vaults:4 | Killed Donald
 43236 | Vaults:4 | Received a gift from Trog
 44068 | Elf:1    | Entered Level 1 of the Elven Halls
 44281 | Elf:1    | Reached XP level 21. HP: 211/211 MP: 20/20
 44303 | Elf:1    | Identified the +1 quarterstaff of Rubbish {antimagic, rC+
                  | rCorr Int+4}
 44401 | Elf:1    | Paralysed by an air elemental for 1 turns
 44802 | Elf:2    | Found Xexacavu's Weapon Boutique.
 45023 | Elf:2    | Found a stormy altar of Qazlal.
 45024 | Elf:2    | Paralysed by an air elemental for 1 turns
 45055 | Elf:2    | Reached skill level 27 in Axes
 45116 | Elf:2    | Paralysed by an air elemental for 1 turns
 45239 | Elf:2    | Found a runed translucent gate.
 45239 | Elf:2    | Found a runed translucent gate.
 45244 | Elf:2    | Found a runed translucent gate.
 45996 | Elf:3    | Entered Level 3 of the Elven Halls
 45996 | Elf:3    | Noticed Aizul
 46006 | Elf:3    | Killed Aizul
 46225 | Elf:3    | Noticed Asterion
 46241 | Elf:3    | Killed Asterion
 46248 | Elf:3    | Gained mutation: You occasionally lose the ability to read
                  | scrolls when taking damage. [a cacodemon]
 46565 | Elf:3    | Lost mutation: You occasionally lose the ability to read
                  | scrolls when taking damage. [potion of mutation]
 46565 | Elf:3    | Gained mutation: [You occasionally lose the ability to
                  | drink potions when taking damage.] [potion of mutation]
 46565 | Elf:3    | Gained mutation: Your spells are a little easier to cast,
                  | but a little less powerful. [potion of mutation]
 46566 | Elf:3    | Lost mutation: [You occasionally lose the ability to drink
                  | potions when taking damage.] [potion of mutation]
 46566 | Elf:3    | Lost mutation: Your spells are a little easier to cast, but
                  | a little less powerful. [potion of mutation]
 46566 | Elf:3    | Gained mutation: You are strong-willed. (Will+) [potion of
                  | mutation]
 46566 | Elf:3    | Gained mutation: You expend magic power (3 MP) to
                  | strengthen your wands. [potion of mutation]
 46566 | Elf:3    | Gained mutation: You have sharp toenails. [potion of
                  | mutation]
 46934 | Elf:3    | Paralysed by an air elemental for 1 turns
 46939 | Elf:3    | Paralysed by an air elemental for 1 turns
 46944 | Elf:3    | Killed the ghostly Asterion
 47195 | Elf:3    | Identified the +7 plate armour "Kafetota" {rElec Regen+
                  | Stlth+}
 47197 | Elf:3    | Received a gift from Trog
 47219 | Elf:3    | Gained mutation: You occasionally lose the ability to read
                  | scrolls when taking damage. [a neqoxec]
 47295 | Elf:3    | Identified the ring of Xuevefokh {Fire rN+ Will+ Str-2
                  | Int+3 Dex+5}
 47295 | Elf:3    | Noticed Louise
 47308 | Elf:3    | Killed Louise
 47442 | Elf:3    | Identified the +9 plate armour of Fanaticism {rCorr Int+3}
 48396 | Depths:1 | Entered Level 1 of the Depths
 48751 | Depths:1 | Found a magical portal.
 48837 | Depths:1 | Found a gateway to Hell.
 49023 | Depths:1 | Found Motyigg's Neck Hole.
 49153 | Depths:1 | Found a one-way gate leading to the halls of Pandemonium.
 49154 | Depths:1 | Gained mutation: [You sometimes lose your temper in
                  | combat.] [a neqoxec]
 49162 | Depths:1 | Reached XP level 22. HP: 221/221 MP: 21/21
 49448 | Depths:2 | Received a gift from Trog
 50120 | Depths:2 | Noticed a juggernaut
 50304 | Depths:2 | Identified the ring "Okaizeg" {Fly rN+ rCorr Int-5}
 50337 | Depths:2 | Identified the ring of False Pretenses {rPois rN+ Int+2
                  | Stlth+}
 50367 | Depths:2 | Identified the ring of Booluxux {rPois EV+5 Stlth+}
 50377 | Depths:2 | Identified the ring of Fekal {rN+ Str+3}
 50755 | Depths:3 | Found Lastriaje's Assorted Antiques.
 50769 | Depths:3 | Found Juakyt's Weapon Emporium.
 50800 | Depths:3 | Reached skill level 15 in Shields
 50949 | Depths:3 | Lost mutation: You expend magic power (3 MP) to strengthen
                  | your wands. [potion of mutation]
 50949 | Depths:3 | Lost mutation: You occasionally lose the ability to read
                  | scrolls when taking damage. [potion of mutation]
 50949 | Depths:3 | Gained mutation: You occasionally shout uncontrollably at
                  | your foes. [potion of mutation]
 50950 | Depths:3 | Lost mutation: You occasionally shout uncontrollably at
                  | your foes. [potion of mutation]
 50950 | Depths:3 | Lost mutation: You are strong-willed. (Will+) [potion of
                  | mutation]
 50950 | Depths:3 | Lost mutation: [You sometimes lose your temper in combat.]
                  | [potion of mutation]
 50950 | Depths:3 | Gained mutation: [You are clumsy. (Dex -2)] [potion of
                  | mutation]
 50950 | Depths:3 | Gained mutation: You occasionally lose the ability to read
                  | scrolls when taking damage. [potion of mutation]
 50951 | Depths:3 | Lost mutation: You have sharp toenails. [potion of
                  | mutation]
 50951 | Depths:3 | Lost mutation: You occasionally lose the ability to read
                  | scrolls when taking damage. [potion of mutation]
 50951 | Depths:3 | Lost mutation: [You are clumsy. (Dex -2)] [potion of
                  | mutation]
 50951 | Depths:3 | Gained mutation: Your spells are a little harder to cast,
                  | but a little more powerful. [potion of mutation]
 50951 | Depths:3 | Gained mutation: You expend magic power (3 MP) to
                  | strengthen your wands. [potion of mutation]
 51308 | Depths:3 | Noticed a caustic shrike
 51314 | Depths:3 | Killed a caustic shrike
 51359 | Depths:3 | Identified the +2 ring mail of the Other Side {Str+4 Int+6
                  | Dex-3}
 51373 | Depths:3 | Noticed a golden dragon
 51385 | Depths:3 | Killed a golden dragon
 51558 | Depths:3 | Received a gift from Trog
 52189 | Depths:4 | Entered Level 4 of the Depths
 52363 | Depths:4 | Reached XP level 23. HP: 185/238 MP: 22/22
 52448 | Depths:4 | Found a one-way gateway to a ziggurat.
 52609 | Depths:4 | Found a blossoming altar of Fedhas.
 52707 | Depths:4 | Found a gate to the Realm of Zot.
 53159 | Depths:4 | Found a large runed translucent door.
 53159 | Depths:4 | Found a large runed translucent door.
 53161 | Depths:4 | Noticed Amikeex's ghost (adept TrMo)
 53348 | Depths:4 | Received a gift from Trog
 53480 | Depths:4 | Killed Amikeex's ghost
 54663 | Vaults:5 | Entered Level 5 of the Vaults
 54685 | Vaults:5 | Reached skill level 27 in Fighting
 54688 | Vaults:5 | Reached skill level 27 in Armour
 54692 | Vaults:5 | Noticed a dread lich
 54708 | Vaults:5 | Killed a dread lich
 54709 | Vaults:5 | Noticed an ancient lich
 54711 | Vaults:5 | Identified the +5 halberd "Rico Husk" {heavy, rElec}
 54718 | Vaults:5 | Identified the +6 short sword of Qiock {protect, +Blink
                  | Int+3}
 54721 | Abyss:2  | Cast into level 2 of the Abyss (a deep elf sorcerer)
 54759 | Abyss:2  | Received a gift from Trog
 54946 | Abyss:3  | Found a corrupted altar of Lugonu.
 54957 | Abyss:3  | Found a corrupted altar of Lugonu.
 54975 | Abyss:3  | Noticed an ancient lich
 54982 | Abyss:3  | Killed an ancient lich
 55172 | Abyss:3  | Paralysed by an air elemental for 1 turns
 55335 | Abyss:3  | Found a shimmering blue altar of Sif Muna.
 56106 | Abyss:3  | Found a corrupted altar of Lugonu.
 56190 | Abyss:3  | Reached XP level 24. HP: 235/249 MP: 22/22
 56198 | Abyss:3  | Noticed a dread lich
 56209 | Abyss:3  | Killed a dread lich
 56385 | Abyss:3  | Found a corrupted altar of Lugonu.
 56405 | Abyss:3  | Noticed a dread lich
 56409 | Abyss:3  | Received a gift from Trog
 56423 | Abyss:3  | Killed a dread lich
 56703 | Abyss:3  | Received a gift from Trog
 56739 | Abyss:3  | Found a corrupted altar of Lugonu.
 56746 | Abyss:3  | Found a corrupted altar of Lugonu.
 56954 | Abyss:3  | Found a corrupted altar of Lugonu.
 57160 | Abyss:3  | Received a gift from Trog
 57180 | Abyss:3  | Reached ****** piety under Trog
 57393 | Abyss:3  | Gained mutation: [You sometimes lose your temper in
                  | combat.] [a neqoxec]
 57486 | Abyss:4  | Paralysed by accursed screaming for 1 turns
 57644 | Abyss:4  | Paralysed by accursed screaming for 1 turns
 57648 | Abyss:4  | HP: 10/224 [bone dragon (14)]
 57659 | Abyss:4  | Killed from afar by a hellion

Illustrated notes

Levels and vault maps discovered:
D:1:      dpeg_arrival_round_c, layout_basic, grunt_decor_mini_mirrors,
          dk_noncrumbling_2
D:2:      minmay_diamond_boxcup, layout_loops_cross,
          chequers_ecumenical_altar_simple, basic_altar
D:3:      layout_loops_corners, amcnicky_altar_lugonu_corruption
D:4:      layout_basic, grunt_gozag_statues, lemuel_tele_altar,
          minmay_pentomino_pile
D:5:      layout_loops_cross, serial_aquarium, aquarium_bridge_square
          [aquarium_subvault_bridge, aquarium_subvault_window,
          aquarium_subvault_bridge, aquarium_subvault_bridge],
          aquarium_bridge_straight [aquarium_subvault_bridge,
          aquarium_subvault_wall, aquarium_subvault_bridge,
          aquarium_subvault_window], aquarium_window_corridor_2,
          aquarium_window_1, aquarium_window_2, aquarium_view_2e,
          reono_crystal_passage
D:6:      layout_basic, old_standard_altar, nicolae_ru_the_path_less_chosen,
          minmay_temple_entry_wispy, serial_shops,
          nicolae_shop_bloodbath_and_beyond, uniq_edmund, uniq_prince_ribbit1,
          uniq_blork_the_orc
D:7:      layout_rooms, serial_bayou_pond_d, minmay_manual_mess
D:8:      layout_cave_pools, ebering_ghost_inner_flame, serial_shops,
          kennysheep_mini
D:9:      layout_big_octagon, nicolae_dithmenos_the_darkroom,
          lemuel_crystal_altar
D:10:     layout_basic, grunt_temple_overflow_holy_war, cheibriados_altar_1,
          okawaru_metal_pillars_1_2, mainiacjoe_overflow_two_lobes,
          nemelex_xobeh_ov_fountains_minmay, minmay_lair_entry_grove,
          minmay_three_doors
D:11:     layout_long_grid, hiddenorc2_lemuel
D:12:     kennysheep_six_static_rooms, layout_loops_corners,
          portal_ice_cave_entry_pillars_2, uniq_sonja, uniq_maurice
D:13:     layout_irregular_city, serial_shops, shop, nicolae_stop_n_shop_1,
          nicolae_shop_overgrown_old_shop, shop, hellmonk_ghost_big_iron
D:14:     layout_stronghold, david_vaults_2, serial_bayou, serial_bayou_pond_b,
          serial_bayou_shore_a, serial_bayou_ford_a, serial_bayou_crossing,
          minivault_23, hangedman_devilish_allure
D:15:     grunt_enter_depths_hoard, layout_basic, special_room
          [special_room_orc]
Lair:1:   layout_hall_layers, uniq_maggie, uniq_amaemon, uniq_gastronok
Lair:2:   layout_regular_city, nicolae_swamp_entry_spooky,
          nicolae_snake_entry_squirm, grunt_megastairs_1
Lair:3:   layout_chaotic_city, wad_woods_river_03
Lair:4:   layout_cave_pods, gammafunk_ghost_necromancy, grunt_megastairs_2
Lair:5:   grunt_lair_end_beastmaster, layout_gridlike,
          nicolae_slime_entry_slimehenge
Swamp:1:  layout_basic_swamp, evilmike_swamp_ruin_rubble_2, swamp_pool5
Swamp:2:  layout_falls_marsh, hangedman_swamp_ruin_wall,
          nicolae_swamp_trees_clearing, swamp_pool1, st_swamp_ruins_4,
          uniq_mlioglotl
Swamp:3:  layout_basic_swamp, evilmike_swamp_ruin_house_6, uniq_roxanne
Swamp:4:  nzn_swamp_witches_coven, layout_basic_swamp
Snake:1:  layout_misc_corridors, nicolae_integral_box, serial_bayou_shore_b
Snake:2:  nicolae_snake_nest, layout_misc_corridors,
          nicolae_snake_gridmaze_spiral, uniq_frances
Snake:3:  layout_cave_pods, basic_altar, gammafunk_ghost_grave,
          grunt_ministairs_6, grunt_megastairs_4, uniq_kirke
Snake:4:  grunt_snake_rune_serpentine_throne, layout_chambers, lemuel_fruit_tree
Orc:1:    layout_caves, lightli_orcish_oven
Orc:2:    kennysheep_orc_mage_school, layout_caves, basic_altar,
          kennysheep_orc_chapel
Elf:1:    minmay_elf_arrival_circle, layout_loops_ring
Elf:2:    nicolae_elf_blades_splatter_lattice [grunt_blade_entry_basic],
          layout_loops_ring, serial_shops, shop, nicolae_elf_altarnating
Elf:3:    minmay_elf_hall_curves, layout_geoelf_diagonals, uniq_asterion,
          uniq_aizul, uniq_louise
Vaults:1: v_rooms_4, ontoclasm_vaults_eye, hangedman_vaults_impose,
          vaults_dpeg_ring, vaults_room_ringed_pool, v_rooms_1, v_misc_16,
          v_misc_19, hangedman_vaults_capsules, layout_vaults_omnigrid,
          serial_shops, nicolae_shop_competitors_out_of_business
Vaults:2: dpeg_vaults_monster_row, nicolae_vaults_angled_halls,
          hangedman_vaults_stitches, vaults_mumra_chevron_long, v_pattern_5,
          hangedman_vaults_trim, v_misc_3, grunt_vaults_diagonal,
          nicolae_vaults_network_star, vaults_room_stairs_pillars,
          vaults_room_grid, kb_rosetta, vaults_dpeg_spiral,
          layout_vaults_maze_snakey, uniq_margery
Vaults:3: minmay_crypt_entry_vampire_xt, grunt_vaults_trifunnel, st_octagons_2,
          v_pattern_3, v_alt_pattern_3, nicolae_vaults_little_ls,
          hangedman_vaults_trim, v_alt_pattern_5,
          ontoclasm_vaults_decontamination, layout_vaults_omnibox
Vaults:4: v_misc_25, nicolae_vaults_disjoint_gnomons, hangedman_vaults_stream,
          ontoclasm_vaults_gallery, v_misc_16, ontoclasm_vaults_hangar,
          hangedman_vaults_stagger, v_rooms_3, layout_vaults_big_room,
          uniq_donald
Vaults:5: uniq_bai_suzhen
Depths:1: layout_cave_pools, hellmouth_1, rand_demon_pan_entry_9,
          mu_enter_wizlab_4, minmay_misc_feat_doors, columned_hall_lemuel,
          nicolae_shop_sticking_my_neck_out
Depths:2: minmay_the_grid_triangle_9x9_rhombus_full
          [minmay_the_grid_triangle_9x9_corrupted_corridor,
          minmay_the_grid_triangle_9x9_checkered,
          minmay_the_grid_triangle_9x9_minimal,
          minmay_the_grid_triangle_9x9_alien,
          minmay_the_grid_triangle_9x9_flanged_cone,
          minmay_the_grid_triangle_9x9_zippers_horizontal,
          minmay_the_grid_triangle_9x9_thin_v,
          minmay_the_grid_triangle_9x9_prize_special], layout_cave_shapes,
          grunt_pan_entry_zigzag, hell_entry, hangedman_decor_clover_reticule
Depths:3: kennysheep_large_spiral, layout_gridlike,
          grunt_hell_entry_demonic_statue, abyss_entry, kennysheep_small_spiral,
          infiniplex_staircase_pillars_2, minmay_shop_star
Depths:4: grunt_twist_and_shout, layout_honeycomb, enter_ziggurat_f,
          abyss_entry, minmay_tree_intersection, grunt_hell_entry_dis_old,
          ebering_ghost_disaster_area, fedhas_altar_4
Abyss:4:  base: D:4, serial_sigils_hangedman_snap, evilmike_abyss_exit_vortex,
          bh_abyss_xom_lugonu_altar, serial_sigils_hangedman_snap, minivault_22,
          hangedman_abyss_or_decor_stabs, evilmike_abyss_exit_kraken,
          evilmike_nicolae_abyss_rune_containment_curve,
          serial_sigils_hangedman_snap,
          evilmike_nicolae_abyss_rune_containment_curve

Skill      XL: |  1  2  3  4  5  6  7  8  9 10 11 12 13 14 15 16 17 18 19 20 21 22 23 24 |
---------------+-------------------------------------------------------------------------+-----
Fighting       | 4 5 6 7 9 10 12 13 14 15 16 18 19 20 21 23 25 26 27 | 27.0
Axes           | 4 5 6 7 8 10 12 14 16 17 19 20 22 23 24 25 26 27 | 27.0
Armour         | 3 4 5 6 7 9 10 11 12 14 15 16 18 19 20 21 23 25 26 27 | 27.0
Shields        | 4 8 10 12 13 16 20 24 | 24.5
Dodging        | |  2.6

Action                     |  1- 3 |  4- 6 |  7- 9 | 10-12 | 13-15 | 16-18 | 19-21 | 22-24 || total
---------------------------+-------+-------+-------+-------+-------+-------+-------+-------++-------
  Melee: Hand axe          |    58 |   115 |    19 |       |       |       |       |       ||   192
         Headbutt          |     5 |    25 |    37 |    89 |   163 |   173 |   340 |   452 ||  1284
         War axe           |       |       |   158 |   426 |   805 |   377 |       |       ||  1766
         Punch             |       |       |     1 |     1 |       |       |       |       ||     2
         Unarmed           |       |       |       |       |     6 |       |       |       ||     6
         Broad axe         |       |       |       |       |       |   249 |  1258 |  1399 ||  2906
  Throw: Boomerang         |       |     3 |    21 |       |       |       |       |       ||    24
         Dart              |       |       |    47 |     7 |    27 |     1 |     2 |       ||    84
         Throwing net      |       |       |     1 |       |       |       |       |       ||     1
 Invoke: Trog's Hand       |       |       |     9 |    20 |    46 |    33 |    47 |    36 ||   191
         Berserk           |       |       |     5 |    16 |    27 |    19 |    26 |    14 ||   107
    Use: Scroll            |       |       |    11 |     8 |    17 |     8 |    10 |     9 ||    63
         Potion            |       |       |     1 |     1 |    13 |     8 |    12 |    22 ||    57
   Stab: Petrified         |       |       |       |       |     4 |       |       |       ||     4
         Petrifying        |       |       |       |       |     1 |       |       |     1 ||     2
         Confused          |       |       |       |       |       |     4 |       |       ||     4
         Distracted        |       |       |       |       |       |       |     1 |     2 ||     3
         Invisible         |       |       |       |       |       |       |     1 |       ||     1
 Armour: Animal skin       |     3 |       |       |       |       |       |       |       ||     3
         Ring mail         |    16 |     9 |       |       |       |       |       |       ||    25
         Chain mail        |       |    71 |    34 |       |       |       |       |       ||   105
         Plate armour      |       |       |    89 |   200 |   334 |   290 |   542 |   790 ||  2245
  Dodge: Dodged            |    43 |    48 |    82 |   124 |   138 |   104 |   163 |   321 ||  1023
  Block: Other             |       |       |     5 |    33 |     1 |       |       |       ||    39
         Reflection        |       |       |       |    14 |    72 |    63 |    96 |    30 ||   275
         Kite shield       |       |       |       |    69 |       |       |       |       ||    69
         Buckler           |       |       |       |    47 |       |       |       |       ||    47
         Tower shield      |       |       |       |    89 |   882 |   685 |  1247 |  1679 ||  4582

Table legend: (Time is in decaauts)
 A = Elapsed time spent in this place.
 B = Non-inter-level travel time spent in this place.
 C = Inter-level travel time spent in this place.
 D = Time resting spent in this place.
 E = Time spent auto-exploring this place.
 F = Levels seen in this place.
 G = Mean time per level.
                   A        B        C        D        E       F      G
               +--------+--------+--------+--------+--------+-----+--------+
         Total |  59474 |  53809 |   5665 |   5715 |  36747 |  46 | 1292.9 |
       Dungeon |  15797 |  13334 |   2463 |    381 |  10579 |  15 | 1053.1 |
          Lair |   6581 |   6090 |    491 |    445 |   4664 |   5 | 1316.2 |
         Swamp |   4225 |   3908 |    317 |    642 |   2376 |   4 | 1056.2 |
     Snake Pit |   8852 |   8111 |    741 |   2931 |   3925 |   4 | 2213.0 |
  Orcish Mines |   2319 |   1748 |    571 |    210 |   1249 |   2 | 1159.5 |
   Elven Halls |   4420 |   4153 |    267 |    294 |   3135 |   3 | 1473.3 |
        Vaults |   6753 |   6129 |    624 |      9 |   4629 |   5 | 1350.6 |
        Depths |   6411 |   6224 |    187 |     41 |   4786 |   4 | 1602.8 |
         Abyss |   2963 |   2963 |      0 |    429 |    835 |   3 |  987.7 |
      Ice Cave |   1148 |   1148 |      0 |    327 |    564 |   1 | 1148.0 |
               +--------+--------+--------+--------+--------+-----+--------+

Top non-repeatable levels by time:
 Snake:4: 2894 daAuts
 Snake:3: 2568 daAuts
 Abyss:3: 2530 daAuts
Depths:2: 2466 daAuts
   Elf:3: 2309 daAuts
Vaults:3: 2087 daAuts
Vaults:1: 1878 daAuts
   Orc:2: 1871 daAuts
 Snake:2: 1808 daAuts
 Swamp:4: 1731 daAuts
    D:10: 1729 daAuts
    D:12: 1595 daAuts
Depths:3: 1588 daAuts
 Snake:1: 1580 daAuts
Vaults:2: 1515 daAuts
